 Dungeon Crawl Stone Soup version 0.24.0-1-gfbc8707122 (webtiles) character file.

Game seed: 12941660922655181842, levelgen mode: deterministic

4311 Aviak the Martial Artist (level 10, -1/64 HPs)
             Began as an Octopode Transmuter on Oct 27, 2019.
             Was an Initiate of Sif Muna.
             Slain by a manticore (2 damage)
             ... on level 9 of the Dungeon.
             The game lasted 00:18:21 (10049 turns).

Aviak the Martial Artist (Octopode Transmuter)     Turns: 10049, Time: 00:18:22

Health: -1/64      AC:  2    Str:  9    XL:     10   Next: 32%
Magic:  0/15       EV: 23    Int: 17    God:    Sif Muna [......]
Gold:   511        SH:  0    Dex: 18    Spells: 5/16 levels left

rFire    . . .     SeeInvis .     - Unarmed
rCold    + . .     Gourm    .   (shield currently unavailable)
rNeg     . . .     Faith    .   (helmet currently unavailable)
rPois    x         Spirit   +   o - amulet of guardian spirit
rElec    .         Reflect  .   C - ring of protection from cold
rCorr    +         Harm     .   z - ring of resist corrosion
MR       .....                  (no ring)
Stlth    ++........             (no ring)
HPRegen  0.20/turn              (no ring)
MPRegen  0.14/turn              (no ring)
                                (no ring)
                                (no ring)

@: spider-form
A: tiny, almost no armour, stealthy swim, (amphibious), 8 rings, (constrict 8),
dopey 1, frail 1, MP-powered wands
a: End Transformation, Renounce Religion


You were on level 9 of the Dungeon.
You worshipped Sif Muna.
Sif Muna was noncommittal.
You were near starving.
You were a venomous arachnid creature.
You visited 2 branches of the dungeon, and saw 10 of its levels.

You collected 511 gold pieces.

Inventory:

Missiles
 i - 37 arrows
Armour
 s - a +0 buckler (melded)
Jewellery
 j - an uncursed ring of fire
 n - an uncursed ring of fire
 o - an amulet of guardian spirit (around neck)
 v - an uncursed ring of fire
 z - a ring of resist corrosion (right front leg)
 C - a ring of protection from cold (left front leg)
Wands
 c - a wand of polymorph (11)
 y - a wand of flame (11)
 A - a wand of acid (3)
 D - a wand of digging (5)
Scrolls
 a - 2 scrolls of magic mapping {unknown}
 h - 3 scrolls of enchant weapon
 m - a scroll of noise {unknown}
 p - 2 scrolls of immolation {unknown}
 q - a scroll of enchant armour {unknown}
 r - 4 scrolls of remove curse
 t - a scroll of teleportation
 u - a scroll of random uselessness {unknown}
 w - 2 scrolls of amnesia {unknown}
 x - a scroll of blinking
Potions
 d - a potion of flight
 e - 2 potions of resistance
 f - 2 potions of ambrosia
 g - a potion of might
 k - a potion of agility
 l - a potion of cancellation
 B - a potion of mutation {!q}
Comestibles
 b - 15 rations


   Skills:
 + Level 8.0 Fighting
 + Level 4.9 Dodging
 - Level 4.0 Shields
 + Level 8.6 Unarmed Combat
 + Level 3.7 Spellcasting
 + Level 5.8 Transmutations
 - Level 3.0 Poison Magic


You had 5 spell levels left.
You knew the following spells:

 Your Spells              Type           Power        Failure   Level  Hunger
a - Beastly Appendage     Tmut           ###...       7%          1    None
b - Sticks to Snakes      Tmut           ###.....     9%          2    ##.....
c - Spider Form           Tmut/Pois      ###.......   22%         3    ###....
d - Blade Hands           Tmut           ###.......   61%         5    ######.

Your spell library contained the following spells:

 Spells                   Type           Power        Failure   Level  Hunger
 Ice Form                 Ice/Tmut       ##......     67%         4    ####...


Dungeon Overview and Level Annotations

Branches:
Dungeon (9/15)             Temple (1/1) D:6            Lair (0/6) D:9
    Orc: D:9-12

Altars:
Ashenzari
Cheibriados
Dithmenos
Elyvilon
Fedhas
Gozag
Hepliaklqana
Makhleb
Nemelex Xobeh
Okawaru
Qazlal
Sif Muna
Trog
Uskayaw
Vehumet
Wu Jian
Xom
Yredelemnul
Zin
The Shining One

Annotations:
D:9 exclusions: fungus and 1 more exclusion


Innate Abilities, Weirdness & Mutations

You cannot wear most types of armour.
You are very stealthy in the water. (Stealth+)
((You are amphibious.))
You can wear up to eight rings at the same time.
((You can use your tentacles to constrict eight enemies at once.))
((Your skin changes colour to match your surroundings (Stealth+).))
((Your rubbery body absorbs attacks. (AC +1, EV +1)))
You are dopey. (Int -2)
You are frail. (-10% HP)
You expend magic power (3 MP) to strengthen your wands.


Message History

You hit the manticore.
The manticore is poisoned.
The manticore is lightly wounded.
The manticore bites you! The manticore completely misses you.
The manticore claws you but does no damage.
You hit the manticore.
The manticore looks even sicker.
The manticore is lightly wounded.
You bite the manticore!
The manticore looks as sick as possible!
The manticore is moderately wounded.
The manticore bites you!! The manticore claws you.
The manticore closely misses you.
You bite the manticore!
The manticore looks as sick as possible!
The manticore is heavily wounded.
The manticore bites you!!
* * * LOW HITPOINT WARNING * * *
The manticore claws you.
* * * LOW HITPOINT WARNING * * *
The manticore claws you.
You die...

......##[.#
.o........##
....o......#
###.####..## #...#
###.#.# #.._..#
#####.#.#.#
#Hs.))....########
.......######.........#
P.#.### ##........# P.
#######..## . #...#
#.#.# #[#.# #.#.#
#######.#.#


You could see a manticore.

Vanquished Creatures
  Maurice (D:8)
  Joseph (D:9)
  Sigmund (D:6)
  A human (D:7)
  4 hogs (D:7)
  Menkaure (D:7)
  5 orc warriors
  3 ogres
  3 bullfrogs
  A wyvern skeleton (D:7)
  3 scorpions
  3 killer bees (D:7)
  2 crimson imps
  A centaur zombie (D:9)
  Crazy Yiuf (D:7)
  4 hounds
  4 orc priests
  A bullfrog skeleton (D:7)
  A bullfrog zombie (D:7)
  9 orc wizards
  7 worker ants
  2 iguanas
  A hound zombie (D:9)
  4 gnolls
  10 adders
  4 shadow imps
  An ooze (D:3)
  2 worms (D:3)
  2 dart slugs
  3 leopard geckos
  22 orcs
  3 giant cockroaches
  9 goblins
  3 hobgoblins
  13 jackals
  9 kobolds
  A quokka (D:4)
  2 ball pythons
  A bat (D:3)
  6 frilled lizards
  A giant cockroach zombie (D:6)
  A quokka skeleton (D:8)
  3 rats
160 creatures vanquished.

Vanquished Creatures (collateral kills)
  A hippogriff (D:7)
  2 ogres (D:4)
  A phantom (D:6)
  Terence (D:3)
  A howler monkey skeleton (D:4)
  A worm (D:4)
  An orc (D:7)
8 creatures vanquished.

Vanquished Creatures (others)
  22 fungi (D:9)
  8 plants (D:9)
30 creatures vanquished.

Grand Total: 198 creatures vanquished

Notes
Turn   | Place    | Note
-------+----------+-------------------------------------------
     0 | D:1      | Aviak the Octopode Transmuter began the quest for the Orb.
     0 | D:1      | Reached XP level 1. HP: 13/13 MP: 3/3
   151 | D:1      | Reached XP level 2. HP: 18/18 MP: 5/5
   508 | D:1      | Reached XP level 3. HP: 9/23 MP: 6/6
   705 | D:1      | Learned a level 2 spell: Sticks to Snakes
   709 | D:1      | Learned a level 3 spell: Spider Form
  1812 | D:3      | You fall into a shaft and drop 1 floor!
  1813 | D:4      | Noticed an ogre
  1823 | D:4      | Killed an ogre
  1823 | D:4      | Reached skill level 1 in Poison Magic
  1823 | D:4      | Reached XP level 4. HP: 28/29 MP: 1/7
  1874 | D:4      | Noticed an ogre
  1883 | D:4      | Killed an ogre
  1883 | D:4      | Reached XP level 5. HP: 35/35 MP: 1/9
  2143 | D:3      | Noticed Terence
  2172 | D:3      | Killed Terence
  2913 | D:4      | Reached XP level 6. HP: 33/41 MP: 10/10
  4019 | D:5      | Entered Level 5 of the Dungeon
  4041 | D:5      | Reached XP level 7. HP: 46/46 MP: 7/11
  4387 | D:5      | You fall into a shaft and drop 2 floors!
  4426 | D:7      | Noticed Menkaure
  4448 | D:7      | Killed Menkaure
  4731 | D:7      | Reached skill level 5 in Unarmed Combat
  5077 | D:5      | Reached XP level 8. HP: 24/54 MP: 5/12
  5697 | D:6      | Reached skill level 5 in Transmutations
  5848 | D:6      | Noticed Sigmund
  5862 | D:6      | Killed Sigmund
  5908 | D:6      | Found a staircase to the Ecumenical Temple.
  5925 | Temple   | Entered the Ecumenical Temple
  6105 | D:6      | Reached skill level 5 in Fighting
  6115 | D:6      | Reached skill level 1 in Shields
  6393 | D:6      | Found a glowing silver altar of Zin.
  6797 | D:7      | Reached XP level 9. HP: 55/61 MP: 10/13
  6867 | D:7      | Gained mutation: You are frail. (-10% HP) [potion of
                  | mutation]
  6867 | D:7      | Gained mutation: You are dopey. (Int -2) [potion of
                  | mutation]
  6867 | D:7      | Gained mutation: You expend magic power (3 MP) to
                  | strengthen your wands. [potion of mutation]
  7877 | D:7      | Found a runed translucent door.
  7878 | D:7      | Noticed Crazy Yiuf
  8293 | D:7      | Found an iron altar of Okawaru.
  8372 | D:7      | Killed Crazy Yiuf
  8429 | D:8      | Noticed Maurice
  8785 | D:8      | Reached XP level 10. HP: 63/64 MP: 12/14
  8792 | D:8      | Learned a level 5 spell: Blade Hands
  9363 | D:8      | Killed Maurice
  9801 | D:9      | Found a staircase to the Lair.
  9801 | D:9      | Noticed a manticore
  9802 | D:9      | Noticed a two-headed ogre
  9882 | D:9      | Found a snail-covered altar of Cheibriados.
  9882 | D:9      | Noticed Joseph
  9915 | D:9      | Killed Joseph
 10005 | D:9      | Found a shimmering blue altar of Sif Muna.
 10011 | D:9      | Became a worshipper of Sif Muna the Loreminder
 10049 | D:9      | HP: 3/64 [manticore (21)]
 10049 | D:9      | HP: 1/64 [manticore (2)]
 10049 | D:9      | Slain by a manticore

Levels and vault maps discovered:
D:1:      onia_arrival_mini_maze_b, layout_basic, dk_noncrumbling_3
D:2:      layout_basic, nicolae_dithmenos_through_a_glass_darkly
D:3:      layout_basic, grunt_ministairs_14, uniq_terence
D:4:      layout_cave_pools, first_ration, cheibrodos_gnoll_hut
D:5:      layout_basic, chequers_serial_rivers_small_b,
          kennysheep_generic_room_4
D:6:      layout_loops_ring, lemuel_coloured_pillars_altar,
          minmay_temple_entry_mist, uniq_sigmund
D:7:      layout_cave_pods, kennysheep_okawaru_gauntlet, grunt_livestock,
          uniq_menkaure, uniq_crazy_yiuf_cottage
D:8:      layout_cave_pods, serial_glass, glass_columns_b, glass_columns_a,
          glass_columns_c, glass_columns_a, glass_columns_a, glass_columns_a,
          glass_columns_a, glass_columns_a, item_on_display_a, uniq_maurice
D:9:      layout_loops_ring, kennysheep_vampire_church, old_standard_altar,
          nicolae_ru_path_of_blood, lemuel_crystal_altar,
          due_lair_maze_entry_diamond, erik_orc_1, uniq_grum, uniq_joseph
Temple:   regret_index_temple_sphere_string

Skill      XL: |  1  2  3  4  5  6  7  8  9 10 |
---------------+-------------------------------+-----
Fighting       | 2 3 4 5 7 8 |  8.0
Poison Magic   | 1 2 3 |  3.0
Transmutations | 3 4 5 |  5.8
Spellcasting   | 3 |  3.7
Unarmed Combat | 4 5 6 8 |  8.6
Dodging        | 3 4 |  4.9
Shields        | 2 4 |  4.0

Action                   |  1- 3 |  4- 6 |  7- 9 | 10-12 || total
-------------------------+-------+-------+-------+-------++-------
Melee: Unarmed           |    92 |    90 |   300 |    80 ||   562
       Constrict         |    29 |    16 |    36 |     7 ||    88
       Tentacles         |     8 |    13 |    21 |     2 ||    44
       Kick              |    12 |    20 |    27 |     5 ||    64
       Punch             |     3 |     1 |    12 |       ||    16
 Cast: Beastly Appendage |     6 |    13 |    19 |     4 ||    42
       Sticks to Snakes  |     3 |    14 |     8 |       ||    25
       Spider Form       |       |     2 |    16 |     4 ||    22
Evoke: Wand              |       |       |     7 |       ||     7
  Use: Scroll            |     1 |     4 |     7 |       ||    12
       Potion            |       |     1 |     8 |       ||     9
 Stab: Sleeping          |     5 |     5 |     2 |     1 ||    13
       Distracted        |     1 |       |     2 |       ||     3
  Eat: Chunk             |     3 |     7 |    15 |     3 ||    28
       Ration            |       |       |     1 |       ||     1
Armor: Skin              |     3 |     2 |    10 |     3 ||    18
Dodge: Dodged            |    66 |    48 |   207 |    54 ||   375
Block: Buckler           |       |       |    15 |     2 ||    17
